 Dungeon Crawl Stone Soup version 0.28-a0-1038-g9c4cb8273d (webtiles) character file.

Game seed: 13036117403139611525

9767 pokeman the Eclecticist (level 11, -1/59 HPs)
             Began as a Deep Elf Hedge Wizard on Dec 8, 2021.
             Was a Believer of Vehumet.
             Slain by an ice beast (3 damage)
             ... summoned by an ice statue
             ... in a Gauntlet.
             The game lasted 00:48:50 (16023 turns).

pokeman the Eclecticist (Deep Elf Hedge Wizard)    Turns: 16023, Time: 00:48:51

Health: -1/59      AC:  9    Str: 11    XL:     11   Next: 27%
Magic:  7/41       EV: 13    Int: 24    God:    Vehumet [**....]
Gold:   477        SH:  0    Dex: 23    Spells: 23/40 levels left

rFire   + . .      SeeInvis .   O - +10 long sword of Eternal Harmony {vamp, rF+ Str+4 Dex+3}
rCold   . . .      Faith    .   (no shield)
rNeg    . . .      Spirit   .   E - +0 leather armour
rPois   .          Reflect  .   c - +0 hat
rElec   .          Harm     .   R - +1 cloak {Will+}
rCorr   .          Rampage  .   d - +1 pair of gloves {hurl}
Will    +++..      NoTele   +   v - +0 pair of boots
Stlth   +++.......              T - amulet "Venues" {RegenMP Will+}
HPRegen 0.19/turn               n - ring of magical power
MPRegen 0.27/turn               C - +6 ring of dexterity

@: on blink cooldown
A: no striking features
a: Renounce Religion


You were in a Gauntlet.
You worshipped Vehumet.
Vehumet was pleased with you.
You visited 2 branches of the dungeon, and saw 12 of its levels.
You also visited: Sewer, Ossuary and Gauntlet.

You collected 477 gold pieces.

Inventory:

Hand Weapons
 j - a +0 shortbow
 N - a +0 hand crossbow
 O - the +10 long sword of Eternal Harmony (weapon) {vamp, rF+ Str+4 Dex+3}
   (You found it on level 8 of the Dungeon)

   It occasionally heals its wielder for a portion of the damage dealt when it
   wounds a living foe.
   Str:       It affects your strength (+4).
   Dex:       It affects your dexterity (+3).
   rF:        It protects you from fire.
Missiles
 a - 89 bolts
 x - 178 arrows
Armour
 c - a +0 hat (worn)
 d - a +1 pair of gloves of hurling (worn)
 v - a +0 pair of boots (worn)
 B - a scarf of resistance
 E - a +0 leather armour (worn)
 K - a +1 robe of resistance
 R - a +1 cloak of willpower (worn)
Magical Staves
 i - a staff of fire
 p - a staff of earth
Jewellery
 b - a ring of resist corrosion
 n - a ring of magical power (left hand)
 C - a +6 ring of dexterity (right hand)
 T - the amulet "Venues" (around neck) {RegenMP Will+}
   (You found it in a Gauntlet)

   [amulet of magic regeneration]

   It increases your rate of magic regeneration.
   Will:      It increases your willpower.
Wands
 F - a wand of flame (21)
Scrolls
 f - a scroll of amnesia
 g - 5 scrolls of magic mapping
 h - a scroll of brand weapon {unknown}
 m - a scroll of fog {unknown}
 o - 2 scrolls of vulnerability {unknown}
 r - 2 scrolls of enchant weapon {unknown}
 u - 6 scrolls of teleportation {unknown}
 y - 4 scrolls of fear {unknown}
 D - 3 scrolls of silence {unknown}
 J - 2 scrolls of noise {unknown}
 L - a scroll of summoning {unknown}
 M - a scroll of enchant armour {unknown}
 P - a scroll of immolation {unknown}
 S - a scroll of blinking
Potions
 e - 4 potions of brilliance
 k - 2 potions of cancellation
 l - 6 potions of resistance
 q - 3 potions of ambrosia
 s - 4 potions of flight
 t - 5 potions of lignification
 w - 3 potions of curing
 z - 7 potions of heal wounds
 A - a potion of invisibility
 G - 4 potions of mutation
 H - 3 potions of degeneration {unknown}
 I - 2 potions of magic {unknown}
 Q - a potion of attraction {unknown}


   Skills:
 + Level 2.8 Fighting
 - Level 4.0 Armour
 - Level 3.3 Dodging
 - Level 3.0 Stealth
 - Level 3.3 Shields
 * Level 15.3 Spellcasting
 + Level 8.6 Conjurations
 - Level 1.1 Summonings
 - Level 1.0 Necromancy
 - Level 1.1 Translocations
 + Level 7.7 Fire Magic
 - Level 1.0 Air Magic
 - Level 1.2 Earth Magic
 - Level 1.2 Poison Magic
 - Level 1.0 Evocations


You had 23 spell levels left.
You knew the following spells:

 Your Spells              Type           Power      Damage    Failure   Level
a - Magic Dart            Conj           100%       1d8       1%          1
b - Mephitic Cloud        Conj/Pois/Air  35%        N/A       2%          3
c - Call Imp              Summ           23%        N/A       3%          2
d - Blink                 Tloc           46%        N/A       3%          2
e - Conjure Flame         Conj/Fire      55%        6-21      1%          3
f - Shock                 Conj/Air       100%       1d9       1%          1
g - Lightning Bolt        Conj/Air       20%        1d35      16%         5

Your spell library contained the following spells:

 Spells                   Type           Power      Damage    Failure   Level
 Scorch                   Fire           100%       2d10      1%          2
 Summon Small Mammal      Summ           92%        N/A       2%          1
 Freeze                   Ice            72%        1d9       4%          1
 Slow                     Hex            72%        N/A       4%          1
 Hailstorm                Conj/Ice       39%        3d9       7%          4
 Call Canine Familiar     Summ           23%        N/A       8%          3
 Summon Guardian Golem    Hex/Summ       21%        N/A       10%         3
 Confusing Touch          Hex            18%        N/A       12%         3
 Frozen Ramparts          Ice            36%        1d5       12%         3
 Ozocubu's Armour         Ice            18%        N/A       12%         3
 Airstrike                Air            11%        N/A       26%         4
 Summon Lightning Spire   Summ/Air       23%        N/A       26%         4
 Yara's Violent Unravell  Hex/Tmut       9%         3d6       73%         5
 Ozocubu's Refrigeration  Ice            9%         4d6       100%        7


Dungeon Overview and Level Annotations

Branches:
Dungeon (11/15)            Temple (1/1) D:6            Lair (0/6) D:10
  Sewer (visited)         Ossuary (visited)         Gauntlet (1/1)
    Orc: D:9-12

Altars:
Ashenzari
Cheibriados
Dithmenos
Elyvilon
Fedhas
Gozag
Hepliaklqana
Kikubaaqudgha
Makhleb
Nemelex Xobeh
Okawaru
Qazlal
Ru
Sif Muna
Trog
Uskayaw
Vehumet
Wu Jian
Xom
Yredelemnul
Zin
The Shining One

Shops:
D:1 [

Portals:
Abyss: D:9

Annotations:
D:9 2 transporters, petzl's ghost, novice OpAM Gauntlet 9 transporters, 2 runed translucent doors, exclusions: ice statue and obsidian statue


Message History

Casting: Blink (safe; 3% risk of failure)
Confirm with . or Enter, or press ? or * to list all spells.
A shadowy apparition takes form in the air.
The ice beast hits you but does no damage.
You swap places.
Your shadow imp hits the ice beast but does no damage.
You feel stable enough to blink again. The ice beast barely misses you.
Your shadow imp barely misses the ice beast.
Your shadow imp barely misses the ice beast.
You closely miss the ice beast.
The ice beast is lightly wounded.
The ice beast barely misses you.
Your shadow imp hits the ice beast but does no damage.
You slash the ice beast!
The ice beast is moderately wounded.
The ice beast hits you but does no damage.
Your shadow imp hits the ice beast.
The ice beast closely misses you.
You slash the ice beast!
The ice beast is severely wounded.
Your shadow imp closely misses the ice beast.
The ice beast misses you.
Your shadow imp hits the ice beast.
You closely miss the ice beast.
The ice beast is almost dead.
The ice beast misses you.
Your shadow imp hits the ice beast but does no damage.
You closely miss the ice beast.
The ice beast is almost dead.
The ice beast closely misses you.
Your shadow imp barely misses the ice beast.
The ice beast hits you.
* * * LOW HITPOINT WARNING * * *
The ice beast freezes you!
* * * LOW HITPOINT WARNING * * *
Your shadow imp misses the ice beast.
Your shadow imp misses the ice beast.
Casting: Call Imp (safe; 3% risk of failure)
Confirm with . or Enter, or press ? or * to list all spells.
You blink.
The ice beast hits you.
You die...

#≈≈..8.#.8.8.8.8.8.#.8
##≈....#©.........©#..
##.##################
##≈.#..§©(.8#.#.##©$(.
#≈≈.#.##.^..#.#..##...
##≈.#.#.##^.#.#...##..
##.#§#.©#†.#.#.#.©##.
##≈.#Y##..#.#.#.##..#.
#≈≈.#@5####.#.#..##...
##≈.#.......#.#w..##.D
##.#########.########
##≈....#©.........©#..
#≈≈..8.#.8.8.8.8.8.#.8
##≈....#©.........©#..
##.##################
##≈.#...©...#.#B?.©[..
#≈≈.#...###.#.#.#####.


You could see an ice statue, an ice beast (summoned, ally target) and a friendly
shadow imp (summoned).

Vanquished Creatures
  A two-headed ogre (D:10)
  Erica (D:9)
  A death scarab (Gauntlet)
  A sixfirhy (D:9)
  Maurice (D:9)
  An unseen horror (D:10)
  A rime drake (Gauntlet)
  A shadow (D:10)
  6 wyverns (D:10)
  4 yaks (D:8)
  2 steam dragons
  2 water moccasins (D:10)
  Pargi (Sewer)
  A spectral torpor snail (Gauntlet)
  5 black bears
  An ice beast (D:7)
  2 orc warriors
  3 necrophages
  An ogre (D:7)
  4 centaurs
  A wolf (D:10)
  A phantom (D:6)
  3 kobold brigands
  A gnoll sergeant (D:5)
  A bullfrog (D:9)
  2 scorpions
  5 killer bees (D:9)
  5 wights (D:9)
  10 centaur zombies
  A crimson imp (D:6)
  2 human zombies (Ossuary)
  5 orc priests
  4 hounds
  A jelly (D:5)
  8 orc wizards
  3 iguanas
  2 mummies (Ossuary)
  10 gnolls
  10 adders
  2 white imps
  4 worms
  4 dart slugs
  23 orcs
  9 endoplasms
  8 giant cockroaches
  8 hobgoblins
  31 kobolds
  4 quokkas
  2 ball pythons
  9 bats
  4 frilled lizards
  10 goblins
  A goblin zombie (Ossuary)
  11 hobgoblin zombies (Ossuary)
  A jackal zombie (Ossuary)
  10 kobold zombies (Ossuary)
  7 orc zombies (Ossuary)
  5 rats (D:1)
  2 rat zombies (Ossuary)
270 creatures vanquished.

Vanquished Creatures (collateral kills)
  A gnoll (D:2)
1 creature vanquished.

Vanquished Creatures (others)
  A fungus (D:10)
  44 plants
45 creatures vanquished.

Grand Total: 316 creatures vanquished

Notes
Turn   | Place    | Note
-------+----------+-------------------------------------------
     0 | D:1      | pokeman the Deep Elf Hedge Wizard began the quest for the
                  | Orb.
     0 | D:1      | Reached XP level 1. HP: 10/10 MP: 7/7
    82 | D:1      | Found Houceefore's Antique Armour Emporium.
   216 | D:1      | Reached skill level 5 in Spellcasting
   281 | D:1      | Reached XP level 2. HP: 15/15 MP: 7/10
   716 | D:1      | You fall into a shaft and drop 1 floor!
  1108 | D:1      | Reached XP level 3. HP: 19/19 MP: 8/12
  1161 | D:1      | Learned a level 3 spell: Mephitic Cloud
  1164 | D:1      | Learned a level 2 spell: Call Imp
  1167 | D:1      | Learned a level 2 spell: Blink
  1171 | D:1      | Learned a level 3 spell: Conjure Flame
  1227 | D:2      | Found a shimmering blue altar of Sif Muna.
  1233 | D:2      | Reached skill level 6 in Spellcasting
  1525 | D:2      | Reached XP level 4. HP: 24/24 MP: 5/14
  1742 | D:2      | Reached skill level 1 in Armour
  2753 | D:2      | Found a faded altar of an unknown god.
  2896 | D:3      | Reached skill level 1 in Fighting
  2896 | D:3      | Reached XP level 5. HP: 25/29 MP: 16/16
  3119 | D:3      | Found a glowing silver altar of Zin.
  3255 | D:3      | Found a glowing drain.
  3284 | Sewer    | Entered a sewer
  3402 | Sewer    | Noticed Pargi
  3415 | Sewer    | Killed Pargi
  3416 | Sewer    | Reached skill level 7 in Spellcasting
  3416 | Sewer    | Reached XP level 6. HP: 34/34 MP: 18/18
  3631 | D:3      | Reached skill level 1 in Shields
  4715 | D:4      | Found a sand-covered staircase.
  4720 | Ossuary  | Entered an ossuary
  5294 | Ossuary  | Reached skill level 1 in Fire Magic
  5494 | Ossuary  | Reached skill level 8 in Spellcasting
  5713 | D:4      | Reached skill level 1 in Air Magic
  5713 | D:4      | Reached skill level 1 in Evocations
  5720 | D:4      | Reached XP level 7. HP: 32/38 MP: 16/20
  6468 | D:5      | Entered Level 5 of the Dungeon
  6539 | D:5      | Noticed a steam dragon
  6552 | D:5      | Killed a steam dragon
  6553 | D:5      | Reached skill level 1 in Earth Magic
  6553 | D:5      | Reached skill level 1 in Poison Magic
  7060 | D:5      | Reached skill level 9 in Spellcasting
  7396 | D:5      | Reached XP level 8. HP: 44/44 MP: 23/23
  8132 | D:6      | Reached skill level 10 in Spellcasting
  8223 | D:6      | Found a staircase to the Ecumenical Temple.
  8232 | Temple   | Entered the Ecumenical Temple
  8339 | Temple   | Became a worshipper of Vehumet
  8676 | D:6      | Reached skill level 5 in Conjurations
  9353 | D:6      | Reached skill level 11 in Spellcasting
  9791 | D:7      | Reached XP level 9. HP: 48/48 MP: 26/26
 10555 | D:8      | Identified the +10 long sword of Eternal Harmony {vamp, rF+
                  | Str+4 Dex+3}
 10723 | D:8      | Reached skill level 1 in Necromancy
 10950 | D:8      | Reached * piety under Vehumet
 10950 | D:8      | Offered knowledge of Shock by Vehumet.
 10961 | D:8      | Learned a level 1 spell: Shock
 10988 | D:8      | Reached skill level 12 in Spellcasting
 10988 | D:8      | Reached skill level 5 in Fire Magic
 12023 | D:9      | Found a transporter.
 12030 | D:9      | Noticed a toenail golem
 12040 | D:9      | Found a one-way gate to the infinite horrors of the Abyss.
 12040 | D:9      | Found a transporter.
 12040 | D:9      | Noticed petzl's ghost (novice OpAM)
 12050 | D:9      | Noticed a toenail golem
 12050 | D:9      | Noticed a toenail golem
 12070 | D:9      | Noticed Maurice
 12076 | D:9      | Paralysed by Maurice for 2 turns
 12119 | D:9      | Killed Maurice
 12328 | D:9      | Found a runed translucent door.
 12330 | D:9      | Noticed a sixfirhy
 12387 | D:9      | Offered knowledge of Scorch by Vehumet.
 12388 | D:9      | Reached XP level 10. HP: 52/53 MP: 28/28
 12390 | D:9      | Reached ** piety under Vehumet
 12428 | D:9      | Reached skill level 13 in Spellcasting
 12657 | D:9      | Noticed Erica
 12698 | D:9      | Killed Erica
 12791 | D:9      | Noticed a worldbinder
 13154 | D:9      | Killed a sixfirhy
 13464 | D:10     | Entered Level 10 of the Dungeon
 13464 | D:10     | Noticed a two-headed ogre
 13567 | D:10     | Reached skill level 14 in Spellcasting
 13744 | D:10     | Found a staircase to the Lair.
 13761 | D:10     | Found a white marble altar of Elyvilon.
 14115 | D:10     | Reached XP level 11. HP: 38/57 MP: 31/31
 14648 | D:10     | Killed a two-headed ogre
 14649 | D:10     | Reached skill level 15 in Spellcasting
 15364 | D:11     | Found a gate leading to a gauntlet.
 15371 | Gauntlet | Entered a Gauntlet
 15371 | Gauntlet | Found a transporter.
 15371 | Gauntlet | Found a transporter.
 15371 | Gauntlet | Found a runed translucent door.
 15371 | Gauntlet | Found a runed translucent door.
 15373 | Gauntlet | Noticed a death scarab
 15389 | Gauntlet | Noticed a death scarab
 15531 | Gauntlet | Found a transporter.
 15535 | Gauntlet | Found a transporter.
 15543 | Gauntlet | Found a transporter.
 15547 | Gauntlet | Found a transporter.
 15549 | Gauntlet | Noticed a death yak
 15550 | Gauntlet | Noticed a death yak
 15551 | Gauntlet | Noticed a death yak
 15555 | Gauntlet | Found a transporter.
 15570 | Gauntlet | Noticed an obsidian statue
 15572 | Gauntlet | Found a transporter.
 15586 | Gauntlet | Found a transporter.
 15590 | Gauntlet | Found a transporter.
 15598 | Gauntlet | Found a transporter.
 15602 | Gauntlet | Found a transporter.
 15604 | Gauntlet | Noticed a fire dragon
 15643 | Gauntlet | Learned a level 5 spell: Lightning Bolt
 15666 | Gauntlet | Killed a death scarab
 15921 | Gauntlet | Noticed a swamp dragon
 15931 | Gauntlet | a swamp dragon changed into a water nymph
 15982 | Gauntlet | Identified the amulet "Venues" {RegenMP Will+}
 16021 | Gauntlet | HP: 2/59 [ice beast[an ice statue] (14)]
 16023 | Gauntlet | Slain by an ice beast

Illustrated notes

Levels and vault maps discovered:
D:1:      dpeg_arrival_arbitrary_c, layout_rooms, serial_shops,
          nicolae_shop_overgrown_old_shop
D:2:      kennysheep_big_flooded_room, layout_basic, basic_altar,
          basic_ecumenical_altar, minmay_diced_spiral
D:3:      layout_basic, mainiacjoe_overflow_six_doors_small,
          gup_sewer_entry_pipe
D:4:      layout_loops_corners, enter_ossuary_5, st_stairs_13
D:5:      layout_loops_corners
D:6:      layout_loops_ring, lemuel_temple_firewalk_b, minmay_fire_ice_demons
D:7:      layout_gridville
D:8:      layout_layer_cave
D:9:      cheibrodos_shockbox, layout_small_grid,
          gammafunk_ghost_abyssal_escape, serial_bayou_lagoon_a, uniq_maurice,
          uniq_erica
D:10:     layout_layer_cave, elyvilon_altar_5, minmay_lair_entry_grove
D:11:     layout_basic, gauntlet_entry_generic, nooodl_orcs_dogs
Temple:   regret_index_temple_chain_breaker
Gauntlet: minmay_gauntlet_77_indecision [minmay_gauntlet_arena_77_shame_cube,
          minmay_gauntlet_arena_77_block_sizes,
          minmay_gauntlet_arena_77_two_lines,
          minmay_gauntlet_arena_77_hold_the_fort,
          minmay_gauntlet_arena_77_braids, minmay_gauntlet_arena_77_mess,
          gauntlet_exit_green]

Skill      XL: |  1  2  3  4  5  6  7  8  9 10 11 |
---------------+----------------------------------+-----
Spellcasting   | 5 6 7 8 9 11 12 14 15 | 15.3
Armour         | 1 2 4 |  4.0
Conjurations   | 2 3 4 5 6 8 |  8.6
Fighting       | 1 2 |  2.8
Dodging        | 3 |  3.3
Shields        | 1 3 |  3.3
Stealth        | 3 |  3.0
Fire Magic     | 1 2 4 5 7 |  7.7
Air Magic      | 1 |  1.0
Evocations     | 1 |  1.0
Earth Magic    | 1 |  1.2
Poison Magic   | 1 |  1.2
Necromancy     | 1 |  1.0
Summonings     | |  1.1
Translocations | |  1.1

Action                   |  1- 3 |  4- 6 |  7- 9 | 10-12 || total
-------------------------+-------+-------+-------+-------++-------
Melee: Spear             |    15 |    29 |     8 |       ||    52
       Dagger            |       |       |    36 |       ||    36
       Long sword        |       |       |    26 |    39 ||    65
       Trident           |       |       |     7 |       ||     7
 Cast: Magic Dart        |    94 |   243 |   200 |    23 ||   560
       Mephitic Cloud    |     1 |     8 |    22 |    17 ||    48
       Conjure Flame     |     1 |    11 |    21 |    28 ||    61
       Call Imp          |       |     3 |       |     3 ||     6
       Blink             |       |     1 |     2 |     3 ||     6
       Shock             |       |       |    12 |   107 ||   119
       Lightning Bolt    |       |       |       |    13 ||    13
  Use: Potion            |       |       |     2 |       ||     2
       Scroll            |       |       |       |    10 ||    10
 Stab: Confused          |       |     1 |    12 |     3 ||    16
Armor: Robe              |     3 |    43 |     1 |       ||    47
       Leather armour    |       |       |    16 |    31 ||    47
Dodge: Dodged            |    27 |    88 |    80 |    66 ||   261

Table legend: (Time is in decaauts)
 A = Elapsed time spent in this place.
 B = Non-inter-level travel time spent in this place.
 C = Inter-level travel time spent in this place.
 D = Time resting spent in this place.
 E = Time spent auto-exploring this place.
 F = Levels seen in this place.
 G = Mean time per level.
                   A        B        C        D        E       F      G
               +--------+--------+--------+--------+--------+-----+--------+
         Total |  16098 |  15521 |    577 |   1216 |  11507 |  15 | 1073.2 |
       Dungeon |  14019 |  13456 |    563 |    726 |  10420 |  11 | 1274.5 |
        Temple |    122 |    108 |     14 |      0 |     84 |   1 |  122.0 |
         Sewer |    303 |    303 |      0 |     33 |    200 |   1 |  303.0 |
       Ossuary |    984 |    984 |      0 |    210 |    567 |   1 |  984.0 |
      Gauntlet |    668 |    668 |      0 |    247 |    236 |   1 |  668.0 |
               +--------+--------+--------+--------+--------+-----+--------+

Top non-repeatable levels by time:
    D:10: 1882 daAuts
     D:1: 1710 daAuts
     D:9: 1685 daAuts
     D:5: 1642 daAuts
     D:8: 1430 daAuts
     D:6: 1283 daAuts
     D:2: 1282 daAuts
     D:3: 1116 daAuts
     D:4: 1087 daAuts
 Ossuary: 984 daAuts
     D:7: 868 daAuts
Gauntlet: 668 daAuts
   Sewer: 303 daAuts
  Temple: 122 daAuts
    D:11: 29 daAuts
